[Event "December 5 Early 2023"]
[Site "https://www.chess.com"]
[Date "2023.12.05"]
[Round "5"]
[White "Navara, David"]
[Black "Bachmann, Axel"]
[Result "1-0"]
[Board "14"]
[TimeControl "180+1"]
[WhiteFideId "309095"]
[BlackFideId "3700488"]
[WhiteElo "2970"]
[BlackElo "2847"]
[WhiteTeam "CZE"]
[BlackTeam "PAR"]
[WhiteClock "0:00:03"]
[BlackClock "0:00:03"]

1. e4 Nc6 2. Nf3 d6 3. d4 Nf6 4. d5 Nb8 5. Nc3 c6 6. h3 g6 7. Be2 Bg7 8. O-O O-O 9. Re1 b5 10. a3 a6 11. Bf4 Bb7 12. Qd2 Nbd7 13. dxc6 Bxc6 14. Nd4 Bb7 15. Bh6 Nc5 16. Bxg7 Kxg7 17. Bf3 e5 18. Nb3 Nxb3 19. cxb3 Qb6 20. Rad1 Rfd8 21. b4 Rac8 22. Re3 Rc4 23. Rd3 d5 24. b3 d4 25. bxc4 bxc4 26. Na4 Qb5 27. Rc3 Bxe4 28. Nc5 Bf5 29. Rcc1 e4 30. a4 Qb8 31. Rxc4 exf3 32. Rxd4 Re8 33. g4 Re2 34. Qf4 Qxf4 35. Rxf4 Bc2 36. Rd6 Ne4 37. Nxe4 Bxe4 38. Rd7 Kh6 39. h4 g5 40. Rf6+ Kg7 41. Rdxf7+ Kg8 42. Rf8+ Kg7 43. R8f7+ Kg8 44. Rf8+ Kg7 45. hxg5 Re1+ 46. Kh2 Rf1 47. Kg3 Bg6 48. Ra8 1-0

[Event "December 5 Early 2023"]
[Site "https://www.chess.com"]
[Date "2023.12.05"]
[Round "5"]
[White "Henriquez Villagra, Cristobal"]
[Black "Rustemov, Alexander"]
[Result "1-0"]
[Board "15"]
[TimeControl "180+1"]
[WhiteFideId "3409350"]
[BlackFideId "4119002"]
[WhiteElo "2958"]
[BlackElo "2833"]
[WhiteTeam "CHI"]
[BlackTeam "RUS"]
[WhiteClock "0:00:20"]
[BlackClock "0:00:00"]

1. g3 d5 2. Bg2 Nf6 3. Nf3 Bf5 4. d3 e6 5. O-O c6 6. Nh4 Bg4 7. h3 Bh5 8. f4 Nfd7 9. Nf3 Be7 10. e4 f6 11. Nc3 O-O 12. Qe1 Na6 13. a3 Nc7 14. Kh1 Re8 15. Bd2 Bf8 16. g4 Bf7 17. Qg3 Rc8 18. e5 f5 19. Ng5 Bg6 20. Ne2 Be7 21. Nd4 Bxg5 22. fxg5 fxg4 23. hxg4 c5 24. Nf3 Qe7 25. Nh4 Rf8 26. c3 Rxf1+ 27. Rxf1 Rf8 28. Re1 b6 29. Kh2 Rf7 30. Nxg6 hxg6 31. Bf1 Kf8 32. d4 c4 33. Be2 Ke8 34. Kg2 Qf8 35. Bd1 b5 36. Bc2 Kd8 37. Bxg6 Re7 38. Rf1 Qg8 39. Qf3 Nb6 40. Bf7 Qf8 41. g6 Kc8 42. Bg5 Rd7 43. Qh3 Kb7 44. Bxe6 Qe8 45. Bxd7 Qxg6 46. Qh5 Qe4+ 47. Rf3 Nxd7 48. Qf7 Kc6 49. Bh4 Qxg4+ 50. Bg3 Ne6 51. Qf5 Qxf5 52. Rxf5 a5 53. Rf7 b4 54. Re7 Ndf8 55. axb4 axb4 56. Be1 bxc3 57. bxc3 Kb5 58. Ra7 g6 59. Bd2 Kc6 60. Kf3 Nd7 61. Kg4 Ndf8 62. Re7 Kb6 63. Bh6 Kb5 64. Re8 Ka4 65. Rxf8 Nxf8 66. Bxf8 Kb5 67. Kg5 Kc6 68. Kxg6 Kd7 69. Kf7 1-0

[Event "December 5 Early 2023"]
[Site "https://www.chess.com"]
[Date "2023.12.05"]
[Round "5"]
[White "Nguyen, Ngoc Truong Son"]
[Black "Nguyen, Quoc Hy"]
[Result "1-0"]
[Board "16"]
[TimeControl "180+1"]
[WhiteFideId "12401110"]
[BlackFideId "12410853"]
[WhiteElo "2937"]
[BlackElo "2818"]
[WhiteTeam "VIE"]
[BlackTeam "VIE"]
[WhiteClock "0:00:13"]
[BlackClock "0:00:18"]

1. e4 c5 2. Nf3 Nc6 3. Bb5 g6 4. Bxc6 dxc6 5. d3 Bg7 6. Nc3 Nf6 7. h3 Nd7 8. Be3 e5 9. Qd2 h6 10. O-O Qe7 11. a3 Nf8 12. b4 c4 13. d4 exd4 14. Bxd4 f6 15. Bc5 Qf7 16. e5 f5 17. e6 Nxe6 18. Rad1 Bd7 19. Rfe1 g5 20. Ne5 Bxe5 21. Rxe5 b6 22. Qd6 bxc5 23. Rde1 O-O-O 24. Rxe6 Bxe6 25. Qxc6+ Kb8 26. Rxe6 Qc7 27. Qb5+ Qb7 28. Qxc5 Rc8 29. Qxf5 Rhe8 30. Qe5+ Qc7 31. Rxe8 1-0

[Event "December 5 Early 2023"]
[Site "https://www.chess.com"]
[Date "2023.12.05"]
[Round "5"]
[White "Kovalenko, Igor"]
[Black "Yuan, Qingyu"]
[Result "1-0"]
[Board "17"]
[TimeControl "180+1"]
[WhiteFideId "14117908"]
[BlackFideId "8609772"]
[WhiteElo "2917"]
[BlackElo "2803"]
[WhiteTeam "UKR"]
[BlackTeam "CHN"]
[WhiteClock "0:00:05"]
[BlackClock "0:00:02"]

1. c4 c5 2. Nf3 Nf6 3. Nc3 d5 4. cxd5 Nxd5 5. g3 Nxc3 6. dxc3 Qxd1+ 7. Kxd1 Nc6 8. Bg2 Bf5 9. Be3 O-O-O+ 10. Kc1 b6 11. Ng5 Ne5 12. Bf4 h6 13. Ne4 Nc4 14. b3 e5 15. bxc4 exf4 16. gxf4 Re8 17. Ng3 Bd7 18. Bd5 Re7 19. a4 a5 20. e3 g6 21. Kc2 Bg7 22. Kb3 Kc7 23. Rad1 h5 24. h4 Rhe8 25. Rd2 Bf6 26. Ne2 Bg4 27. Ng1 Bg7 28. Nf3 Bxf3 29. Bxf3 Bf6 30. Rd5 Rd8 31. f5 Re5 32. Rxe5 Bxe5 33. Kc2 Rd6 34. fxg6 fxg6 35. Bd5 Rf6 36. f4 Bd6 37. Kd3 Kd7 38. Rg1 Ke7 39. Ke4 Bc7 40. Kf3 Bd6 41. Be4 Kf7 42. Rg5 Be7 43. Bd5+ Kg7 44. Re5 Kf8 45. Be4 Kf7 46. Rd5 Rd6 47. f5 gxf5 48. Bxf5 Rxd5 49. cxd5 Kf6 50. Ke4 Bd6 51. Bh3 Bg3 52. c4 Ke7 53. Kf5 Kd6 54. e4 Bxh4 55. e5+ Ke7 56. d6+ Kd8 57. Ke6 Bg3 58. Kd5 h4 59. e6 Bf4 60. e7+ Ke8 61. Ke6 Bg5 62. d7# 1-0

[Event "December 5 Early 2023"]
[Site "https://www.chess.com"]
[Date "2023.12.05"]
[Round "5"]
[White "Dyachuk, Artem"]
[Black "Demchenko, Anton"]
[Result "0-1"]
[Board "18"]
[TimeControl "180+1"]
[WhiteFideId "34107924"]
[BlackFideId "4160258"]
[WhiteElo "2592"]
[BlackElo "2912"]
[WhiteTeam "UKR"]
[BlackTeam "SLO"]
[WhiteClock "0:00:08"]
[BlackClock "0:00:10"]

1. e4 e5 2. Nf3 Nc6 3. Bb5 a6 4. Ba4 Nge7 5. c3 Ng6 6. d4 exd4 7. cxd4 Bb4+ 8. Bd2 O-O 9. O-O Bxd2 10. Qxd2 d5 11. exd5 Nce7 12. Nc3 Nxd5 13. Bb3 Ndf4 14. Rfe1 Bg4 15. Ne5 Qg5 16. Qe3 Be6 17. Qg3 Qxg3 18. hxg3 Nxe5 19. dxe5 Nd3 20. Re3 Rad8 21. Ne4 Bxb3 22. axb3 Nxe5 23. Nc5 Ng4 24. Re4 f5 25. Re7 Rf7 26. Rxf7 Kxf7 27. f3 Ne3 28. Kf2 Nc2 29. Rf1 Rd2+ 30. Kg1 Ne3 31. Rf2 Rd1+ 32. Kh2 Nf1+ 33. Kh3 Nd2 34. Kh2 b6 35. Nxa6 c5 36. b4 c4 37. Re2 g5 38. Nc7 h5 39. Nb5 Nf1+ 40. Kh3 Kf6 41. Nc7 Nd2 42. Kh2 Nf1+ 43. Kh3 Nd2 44. Kh2 g4 45. fxg4 hxg4 46. Rf2 Nf1+ 47. Kg1 Nxg3+ 48. Kh2 Nf1+ 49. Kg1 Ne3+ 50. Kh2 Ke5 51. Kg3 Rd3 52. Kh4 Rb3 53. Kg5 Rxb4 54. Re2 Rb3 55. g3 Ke4 56. Ne8 Kf3 57. Rd2 Kxg3 58. Nf6 Kf3 59. Nh5 g3 60. Nf4 Ng4 61. Nh3 g2 62. Ng1+ Kg3 63. Rd1 Ne3 64. Rc1 f4 65. Ne2+ Kf3 66. Nxf4 Rxb2 67. Rc3 g1=Q+ 68. Kf6 Qg4 69. Rxc4 Qxf4+ 70. Rxf4+ Kxf4 71. Ke6 Ke4 72. Kd7 Rc2 73. Ke6 b5 74. Kd7 b4 75. Ke6 b3 76. Kd7 b2 77. Ke7 b1=Q 78. Ke8 0-1

[Event "December 5 Early 2023"]
[Site "https://www.chess.com"]
[Date "2023.12.05"]
[Round "5"]
[White "Williams, Simon K"]
[Black "Bortnyk, Olexandr"]
[Result "0-1"]
[Board "19"]
[TimeControl "180+1"]
[WhiteFideId "404454"]
[BlackFideId "14120828"]
[WhiteElo "2709"]
[BlackElo "3069"]
[WhiteTeam "ENG"]
[BlackTeam "UKR"]
[WhiteClock "0:00:08"]
[BlackClock "0:00:37"]

1. e4 Nf6 2. e5 Nd5 3. Qf3 e6 4. Nc3 Nb4 5. Qd1 d6 6. Nf3 dxe5 7. Nxe5 Bd6 8. Nc4 N8c6 9. a3 Nd5 10. Nxd6+ Qxd6 11. Nxd5 Qxd5 12. d3 e5 13. Be3 Bf5 14. Qf3 e4 15. Qg3 exd3 16. Qxg7 d2+ 17. Bxd2 O-O-O 18. Be3 Ne5 19. Be2 Bxc2 20. Qf6 Qxg2 21. Rf1 Rhe8 22. Rc1 Nd3+ 23. Bxd3 Bxd3 0-1

[Event "December 5 Early 2023"]
[Site "https://www.chess.com"]
[Date "2023.12.05"]
[Round "5"]
[White "Arabidze, Meri"]
[Black "Pranav, V"]
[Result "0-1"]
[Board "20"]
[TimeControl "180+1"]
[WhiteFideId "13604040"]
[BlackFideId "25060783"]
[WhiteElo "2709"]
[BlackElo "3065"]
[WhiteTeam "GEO"]
[BlackTeam "IND"]
[WhiteClock "0:00:00"]
[BlackClock "0:00:04"]

1. d4 Nf6 2. c4 e6 3. Nf3 b6 4. g3 Bb7 5. Bg2 Be7 6. O-O O-O 7. Re1 a5 8. Nc3 Bb4 9. Bd2 d6 10. b3 Nbd7 11. a3 Bxc3 12. Bxc3 Re8 13. b4 h6 14. Qc2 Be4 15. Qb2 Qc8 16. Bh3 Rb8 17. Nd2 Ba8 18. e4 Qa6 19. b5 Qc8 20. f4 Qd8 21. e5 dxe5 22. fxe5 Nh7 23. Bg2 Bxg2 24. Kxg2 Ndf8 25. Rad1 Rc8 26. h4 c6 27. Ne4 cxb5 28. Qxb5 Re7 29. Nd6 Rb8 30. Rf1 f5 31. Rb1 Ra7 32. c5 Nd7 33. c6 Ndf8 34. Bd2 Ng6 35. Qc4 Nhf8 36. Nb5 Rc7 37. Nxc7 Qxc7 38. Qb5 Ne7 39. Bxa5 Nd5 40. Bd2 Ra8 41. a4 Ng6 42. h5 Nge7 43. Rfc1 Kh7 44. Bb4 Nxb4 45. Rxb4 Nd5 46. Rb3 Ra5 47. Qd3 Qc8 48. c7 Rxa4 49. Ra3 Rb4 50. Rc2 Rb1 51. Ra7 b5 52. Qf3 Re1 53. Kf2 Re3 54. Qxe3 Nxe3 55. Kxe3 b4 56. Rc5 b3 57. Ra3 b2 58. Rb3 Qa8 59. Rxb2 Qe4+ 60. Kf2 Qxd4+ 61. Kf3 Qxc5 62. Rb8 Qxc7 63. Rf8 Qxe5 64. Rf7 Qe4+ 65. Kf2 Qg4 66. Re7 Qd4+ 67. Kf3 Qd5+ 68. Kf2 Qc5+ 0-1

[Event "December 5 Early 2023"]
[Site "https://www.chess.com"]
[Date "2023.12.05"]
[Round "5"]
[White "So, Wesley"]
[Black "Hambleton, Aman"]
[Result "1-0"]
[Board "21"]
[TimeControl "180+1"]
[WhiteFideId "5202213"]
[BlackFideId "2606577"]
[WhiteElo "3045"]
[BlackElo "2705"]
[WhiteTeam "USA"]
[BlackTeam "CAN"]
[WhiteClock "0:00:23"]
[BlackClock "0:00:00"]

1. b3 e5 2. Bb2 Nc6 3. e3 Nf6 4. Bb5 e4 5. Ne2 a6 6. Bxc6 dxc6 7. Ng3 h5 8. Nc3 Bg4 9. f3 exf3 10. gxf3 Bh3 11. Qe2 h4 12. Nge4 Nxe4 13. Nxe4 Qd7 14. Rg1 O-O-O 15. Ng5 f6 16. Nxh3 Qxh3 17. O-O-O c5 18. f4 Qe6 19. Qg4 Qxg4 20. Rxg4 Kd7 21. f5 Rh5 22. e4 h3 23. Rdg1 Ke8 24. d3 Kf7 25. a4 b6 26. Kd1 Rh7 27. Bc1 b5 28. Ke2 Rb8 29. axb5 axb5 30. Bf4 Ra8 31. Bxc7 Ra2 32. Kd2 Ke8 33. Bf4 Kd7 34. Kc3 Kc6 35. Be3 Kd6 36. Bf4+ Kc6 37. Rd1 Rh8 38. Rgg1 1-0

[Event "December 5 Early 2023"]
[Site "https://www.chess.com"]
[Date "2023.12.05"]
[Round "5"]
[White "Makarian, Rudik"]
[Black "Novozhilov, Semen"]
[Result "1/2-1/2"]
[Board "22"]
[TimeControl "180+1"]
[WhiteFideId "44105681"]
[BlackFideId "24289167"]
[WhiteElo "2990"]
[BlackElo "2704"]
[WhiteTeam "FID"]
[BlackTeam "RUS"]
[WhiteClock "0:00:14"]
[BlackClock "0:00:14"]

1. Nf3 Nf6 2. g3 d5 3. Bg2 c6 4. O-O Bg4 5. Ne5 Bh5 6. d4 Nbd7 7. c4 e6 8. Nc3 Nxe5 9. dxe5 Nd7 10. cxd5 cxd5 11. f4 Bc5+ 12. Kh1 O-O 13. h3 f6 14. g4 Be8 15. exf6 Nxf6 16. e4 d4 17. Na4 Be7 18. e5 Nd5 19. Qxd4 Bb5 20. Rd1 Nb4 21. Qxd8 Raxd8 22. Rxd8 Rxd8 23. Nc3 Nc2 24. Rb1 Bd3 25. Bd2 Ne3 26. Rc1 Nxg2 27. Kxg2 Bc5 28. Kf3 Ba6 29. Ne4 Rd3+ 30. Kg2 b6 31. Bc3 Bb7 32. Re1 Be3 33. Kf3 Bd4+ 34. Kg2 Bxc3 35. bxc3 Rxc3 36. Kf2 Rc2+ 37. Kg3 Bxe4 38. Rxe4 Rxa2 39. Rc4 Rd2 40. Rc8+ Kf7 41. Rc7+ Kg6 42. Rxa7 Rd3+ 43. Kh4 Rc3 44. Re7 Rc6 45. Rb7 h6 46. Kg3 Rc3+ 47. Kg2 Rc6 48. Kf3 Rc3+ 49. Ke4 Rxh3 50. Rxb6 Kf7 51. Rb7+ Kf8 52. f5 exf5+ 53. gxf5 Rh1 54. e6 Re1+ 55. Kd5 Rd1+ 56. Ke5 Re1+ 57. Kf4 Rf1+ 58. Ke4 Re1+ 59. Kd3 Re5 60. Rf7+ Kg8 61. Kd4 Re1 62. Kd5 h5 63. f6 gxf6 64. Rxf6 h4 65. Rf4 h3 66. Rh4 Kf8 67. Rxh3 Ke7 68. Rh7+ Ke8 69. Rh8+ Ke7 70. Rh7+ Ke8 71. Rh5 Rd1+ 72. Ke5 Re1+ 73. Kf6 Rf1+ 74. Rf5 Rxf5+ 75. Kxf5 Ke7 76. Ke5 Ke8 77. Kd5 Ke7 78. Ke5 Ke8 79. Kd6 Kd8 80. e7+ Ke8 81. Ke6 1/2-1/2

[Event "December 5 Early 2023"]
[Site "https://www.chess.com"]
[Date "2023.12.05"]
[Round "5"]
[White "Csonka, Balazs"]
[Black "Galchenko, Matvey"]
[Result "1-0"]
[Board "23"]
[TimeControl "180+1"]
[WhiteFideId "742910"]
[BlackFideId "24175480"]
[WhiteElo "2695"]
[BlackElo "2952"]
[WhiteTeam "HUN"]
[BlackTeam "FID"]
[WhiteClock "0:01:43"]
[BlackClock "0:01:07"]

1. d4 d5 2. c4 e6 3. Nc3 c6 4. e4 dxe4 5. Nxe4 Bb4+ 6. Bd2 Qxd4 7. Bxb4 Qxe4+ 8. Ne2 Na6 9. Bf8 Ne7 10. Bxg7 Rg8 11. Bf6 e5 12. Qd6 1-0

[Event "December 5 Early 2023"]
[Site "https://www.chess.com"]
[Date "2023.12.05"]
[Round "5"]
[White "Shimanov, Aleksandr"]
[Black "Nigalidze, Gaioz"]
[Result "1-0"]
[Board "24"]
[TimeControl "180+1"]
[WhiteFideId "4198603"]
[BlackFideId "13603078"]
[WhiteElo "2950"]
[BlackElo "2693"]
[WhiteTeam "RUS"]
[BlackTeam "GEO"]
[WhiteClock "0:01:06"]
[BlackClock "0:00:29"]

1. d4 Nf6 2. Bg5 b5 3. Nd2 Bb7 4. e3 a6 5. Bxf6 gxf6 6. Ngf3 e6 7. g3 d5 8. c3 Nd7 9. b4 Bd6 10. a4 c6 11. Nb3 Nb6 12. Be2 Nxa4 13. Rxa4 bxa4 14. Na5 Qc7 15. Qxa4 O-O 16. O-O Kg7 17. Bd3 f5 18. Nd2 h5 19. Ndb3 h4 20. Kg2 hxg3 21. hxg3 Rh8 22. Rb1 Rh6 23. Nc5 Bc8 24. Qxc6 Qxc6 25. Nxc6 Rh8 26. Ra1 Bxc5 27. dxc5 Kf6 28. f4 Bd7 29. Nd4 Rhc8 30. Rxa6 Rxa6 31. Bxa6 Ra8 32. b5 1-0

[Event "December 5 Early 2023"]
[Site "https://www.chess.com"]
[Date "2023.12.05"]
[Round "5"]
[White "Danielyan, Vahe"]
[Black "Drygalov, Sergey"]
[Result "0-1"]
[Board "25"]
[TimeControl "180+1"]
[WhiteFideId "13304828"]
[BlackFideId "24171743"]
[WhiteElo "2684"]
[BlackElo "2947"]
[WhiteTeam "ARM"]
[BlackTeam "RUS"]
[WhiteClock "0:00:00"]
[BlackClock "0:00:25"]

1. e4 c5 2. Nf3 d6 3. Bb5+ Nd7 4. Ba4 Nf6 5. O-O e6 6. c4 Be7 7. Nc3 O-O 8. d4 cxd4 9. Nxd4 a6 10. Qe2 Qc7 11. Rd1 Ne5 12. Bb3 b6 13. f4 Ned7 14. f5 Nc5 15. fxe6 fxe6 16. Bc2 b5 17. cxb5 e5 18. Nf3 axb5 19. Bg5 b4 20. Bxf6 bxc3 21. Bxe7 cxb2 22. Bxf8 bxa1=Q 23. Rxa1 Kxf8 24. Ng5 Ne6 25. Rf1+ Nf4 26. g3 Qa7+ 27. Qf2 Ba6 28. Qxa7 Rxa7 29. Rf2 h6 30. Ne6+ Ke7 31. Nxf4 exf4 32. gxf4 Bc4 33. a4 Rb7 34. Kg2 Rb2 35. Kg3 Ra2 36. h4 h5 37. e5 dxe5 38. fxe5 Bd5 39. Bg6 Ra3+ 40. Kf4 Rxa4+ 41. Kg5 Rg4+ 42. Kxh5 Rg3 43. Bf5 Bf7+ 0-1

[Event "December 5 Early 2023"]
[Site "https://www.chess.com"]
[Date "2023.12.05"]
[Round "5"]
[White "Khismatullin, Denis"]
[Black "Nagare Kaivalya Sandip"]
[Result "1-0"]
[Board "26"]
[TimeControl "180+1"]
[WhiteFideId "4142578"]
[BlackFideId "25957929"]
[WhiteElo "2932"]
[BlackElo "2670"]
[WhiteTeam "RUS"]
[BlackTeam "IND"]
[WhiteClock "0:01:26"]
[BlackClock "0:00:17"]

1. e4 e5 2. Nf3 Nc6 3. g3 Nf6 4. d3 Bc5 5. Bg2 h6 6. c3 d6 7. b4 Bb6 8. O-O O-O 9. a4 a5 10. b5 Ne7 11. Nbd2 Ng6 12. Nc4 Be6 13. Nxb6 cxb6 14. c4 Kh8 15. Ba3 Nh7 16. d4 Bxc4 17. Re1 Be6 18. dxe5 dxe5 19. Bxf8 Qxf8 20. Rc1 Nf6 21. Rc7 Rb8 22. Qd2 Qa3 23. Qe3 Qxa4 24. Qxb6 Bc4 25. Qa7 Rg8 26. Qxb7 Qxb5 27. Qxb5 Bxb5 28. Rxf7 a4 29. Ra7 Rc8 30. Ra5 Be8 31. Nxe5 Nxe5 32. Rxe5 Bf7 33. Ra5 Bb3 34. e5 Nd7 35. e6 Nb6 36. e7 1-0

[Event "December 5 Early 2023"]
[Site "https://www.chess.com"]
[Date "2023.12.05"]
[Round "5"]
[White "Kamsky, Gata"]
[Black "Goryachkina, Aleksandra"]
[Result "1/2-1/2"]
[Board "27"]
[TimeControl "180+1"]
[WhiteFideId "2000024"]
[BlackFideId "4147103"]
[WhiteElo "2932"]
[BlackElo "2664"]
[WhiteTeam "USA"]
[BlackTeam "FID"]
[WhiteClock "0:00:52"]
[BlackClock "0:00:02"]

1. d4 d5 2. Bf4 Nf6 3. e3 Bf5 4. c4 e6 5. Nc3 Bb4 6. Ne2 O-O 7. a3 Be7 8. Qb3 Nc6 9. cxd5 Nxd5 10. Nxd5 Qxd5 11. Qxd5 exd5 12. Nc3 Be6 13. Bxc7 Rac8 14. Bg3 Na5 15. Be2 Nc4 16. Bxc4 Rxc4 17. Kd2 Rfc8 18. Rhc1 a6 19. Ne2 b5 20. b3 Rxc1 21. Nxc1 b4 22. axb4 Bxb4+ 23. Kd1 a5 24. Nd3 Bf5 25. Nxb4 axb4 26. Ra2 h5 27. Bd6 Rc3 28. Rb2 Rd3+ 29. Ke2 Rc3 30. Bxb4 Rc2+ 31. Rxc2 Bxc2 32. Kf3 Bxb3 33. e4 dxe4+ 34. Kxe4 f6 35. d5 Kf7 36. Kd4 Ke8 37. h4 Ba4 38. Kc5 Bd7 39. Kd6 Ba4 40. Kc7 Bb5 41. d6 Ba4 42. f3 f5 43. Bc3 g6 44. Bf6 Bb5 45. Bg5 Ba4 46. Kb6 Bd7 47. Kc5 Kf7 48. Kd5 Be8 49. Ke5 Bd7 50. Kd5 Be8 51. Ke5 Bd7 52. Kd5 1/2-1/2

[Event "December 5 Early 2023"]
[Site "https://www.chess.com"]
[Date "2023.12.05"]
[Round "5"]
[White "Grigoriants, Sergey"]
[Black "Vlassov, Nikolai"]
[Result "1-0"]
[Board "28"]
[TimeControl "180+1"]
[WhiteFideId "4130804"]
[BlackFideId "4103360"]
[WhiteElo "2931"]
[BlackElo "2662"]
[WhiteTeam "HUN"]
[BlackTeam "FID"]
[WhiteClock "0:00:08"]
[BlackClock "0:00:00"]

1. d4 Nf6 2. c4 Nc6 3. Nf3 e6 4. g3 Bb4+ 5. Bd2 a5 6. Bg2 d6 7. O-O e5 8. Bg5 exd4 9. Nxd4 Nxd4 10. Qxd4 Bc5 11. Qh4 h6 12. Nc3 O-O 13. Bxf6 Qxf6 14. Qxf6 gxf6 15. Nd5 c6 16. Nxf6+ Kg7 17. Ne4 Be6 18. Rac1 Rfd8 19. Rfd1 a4 20. a3 Bf5 21. Nxc5 dxc5 22. Kf1 Be6 23. Rxd8 Rxd8 24. Be4 Rd2 25. Rc2 Rd1+ 26. Kg2 Kf6 27. f4 Ke7 28. Kf2 Kd6 29. Ke3 f5 30. Bd3 Rh1 31. h4 Rg1 32. Kf2 Rd1 33. Kf3 Rf1+ 34. Ke3 Rg1 35. Rd2 Ke7 36. Kf2 Rc1 37. Kf3 Rf1+ 38. Ke3 Rg1 39. Kf2 Rc1 40. Rc2 Rd1 41. Rc3 Rd2 42. Bc2 Kf6 43. Ke3 Rd4 44. Bxa4 Bxc4 45. Bc2 1-0

[Event "December 5 Early 2023"]
[Site "https://www.chess.com"]
[Date "2023.12.05"]
[Round "5"]
[White "Cieslak, Patryk"]
[Black "Tran, Tuan Minh"]
[Result "0-1"]
[Board "29"]
[TimeControl "180+1"]
[WhiteFideId "21078882"]
[BlackFideId "12401820"]
[WhiteElo "2656"]
[BlackElo "2927"]
[WhiteTeam "POL"]
[BlackTeam "VIE"]
[WhiteClock "0:00:22"]
[BlackClock "0:01:15"]

1. e4 c5 2. Nf3 d6 3. d4 cxd4 4. Nxd4 Nf6 5. Nc3 a6 6. Be2 e5 7. Nb3 Be7 8. Be3 Be6 9. Nd5 Nbd7 10. Qd3 Bxd5 11. exd5 O-O 12. g4 Nb6 13. c4 Na4 14. O-O-O Nd7 15. Kb1 Bg5 16. h4 Bxe3 17. Qxe3 Nac5 18. g5 a5 19. Nxc5 Nxc5 20. h5 f5 21. f4 e4 22. Qd4 Qe7 23. Rh3 Ra6 24. Kc2 Rb6 25. Ra3 Ra8 26. Qe3 Rb4 27. Qh3 Qf8 28. Qe3 Ra6 29. Qd4 Qd8 30. Bf1 Rab6 31. Rb1 a4 32. Re3 Qe7 33. Be2 Nd7 34. Qc3 Qf8 35. b3 Nc5 36. Ra1 axb3+ 37. axb3 Nxb3 38. Qxb3 Rxb3 39. Rxb3 Rxb3 40. Kxb3 Qc8 41. g6 hxg6 42. hxg6 Kf8 43. Ra5 Ke7 44. Rb5 Kf6 45. c5 Qc7 46. cxd6 Qxd6 47. Bc4 b6 48. Rb4 Kxg6 49. Ra4 Qxf4 50. Ra6 Qe3+ 51. Kb4 Qc5+ 52. Kb3 e3 53. Ra8 f4 54. Bd3+ Kg5 55. Rd8 f3 56. Rd7 e2 57. Rxg7+ Kf6 58. Rg6+ Kf7 59. Re6 Qxd5+ 60. Bc4 Qxe6 61. Kb2 Qxc4 62. Ka3 Qb5 63. Ka2 Qb4 64. Ka1 f2 65. Ka2 b5 66. Ka1 Ke6 67. Ka2 Kd5 68. Ka1 Kc5 69. Ka2 Kb6 70. Ka1 Ka5 71. Ka2 Ka4 72. Ka1 Qd2 73. Kb1 b4 74. Ka1 b3 75. Kb1 Ka3 76. Ka1 Kb4 77. Kb1 Kc3 78. Ka1 Kd3 79. Kb1 Ke3 80. Ka1 Kf3 81. Kb1 Kg2 82. Ka1 Kf1 83. Kb1 Ke1 84. Ka1 f1=Q 85. Kb1 Kd1 86. Ka1 e1=Q 87. Kb1 Qfe2 88. Ka1 Q1f2 89. Kb1 Qb6 90. Ka1 Qba5+ 91. Kb1 Qed3# 0-1

[Event "December 5 Early 2023"]
[Site "https://www.chess.com"]
[Date "2023.12.05"]
[Round "5"]
[White "Zavgorodniy, Sergiy"]
[Black "Ashraf, Artin"]
[Result "1-0"]
[Board "30"]
[TimeControl "180+1"]
[WhiteFideId "14110148"]
[BlackFideId "22514805"]
[WhiteElo "2648"]
[BlackElo "2913"]
[WhiteTeam "UKR"]
[BlackTeam "IRI"]
[WhiteClock "0:00:05"]
[BlackClock "0:00:00"]

1. e4 e5 2. Nf3 Nc6 3. Bb5 a6 4. Bxc6 dxc6 5. O-O Bg4 6. d3 f6 7. Be3 Bd6 8. Nbd2 Ne7 9. c4 c5 10. b4 Nc6 11. bxc5 Be7 12. Rb1 Qxd3 13. Rxb7 Qd7 14. Qa4 O-O 15. h3 Be6 16. Nb1 Rfb8 17. Rxb8+ Nxb8 18. Qc2 Qc6 19. Nc3 Bxc5 20. Nd5 Nd7 21. Bxc5 Qxc5 22. Nd2 Ra7 23. Nb3 Qf8 24. Rd1 a5 25. a4 c6 26. Ne3 Qb4 27. Nc1 Rb7 28. g4 Kf8 29. Kg2 Ke7 30. Qd3 Kf7 31. Qc2 Qb2 32. Qd3 Nc5 33. Qd8 Nxe4 34. Nd3 Qb3 35. Qxa5 Rd7 36. Nxe5+ fxe5 37. Rxd7+ Bxd7 38. Qxe5 Nf6 39. g5 Ne8 40. Qd4 Qb7 41. Qf4+ Ke7 42. a5 c5+ 43. Kg1 Be6 44. Qe5 Kd7 45. Qxc5 Qc7 46. Qd4+ Kc8 47. a6 Qc6 48. Nd5 Qxa6 49. Qc5+ Kb7 50. Qe7+ Ka8 51. Qxe8+ Ka7 52. Qe7+ Kb8 53. Qd8+ Bc8 54. Qc7+ Ka8 55. Nb6+ 1-0

[Event "December 5 Early 2023"]
[Site "https://www.chess.com"]
[Date "2023.12.05"]
[Round "5"]
[White "Taichman, Ori"]
[Black "Rasulov, Vugar"]
[Result "0-1"]
[Board "31"]
[TimeControl "180+1"]
[WhiteFideId "2804069"]
[BlackFideId "13402390"]
[WhiteElo "2643"]
[BlackElo "2910"]
[WhiteTeam "ISR"]
[BlackTeam "AZE"]
[WhiteClock "0:00:02"]
[BlackClock "0:01:54"]

1. e4 d5 2. exd5 Nf6 3. Bb5+ Nbd7 4. c4 a6 5. Bxd7+ Bxd7 6. d4 e6 7. dxe6 Bxe6 8. d5 Bf5 9. Nf3 Bb4+ 10. Bd2 Qe7+ 11. Qe2 Bd3 12. Qxe7+ Bxe7 13. Ne5 Bf5 14. O-O Bd6 15. Bc3 Ne4 16. Re1 O-O 17. Bd4 Rfe8 18. Nf3 Bb4 19. Rc1 Bg4 20. a3 Bd6 21. Nbd2 Nxd2 22. Nxd2 Bf4 23. Bc3 Re2 24. Rd1 Rae8 25. Nf1 f6 26. Re1 Kf7 27. f3 Bf5 28. Ng3 Rxe1+ 29. Rxe1 Rxe1+ 30. Bxe1 Bd3 31. b3 Bc2 32. b4 Bb3 33. c5 Bxd5 34. Ne2 Bh6 35. Kf2 Bc4 36. Nd4 Bf4 37. g3 Be5 38. Ke3 c6 39. f4 Bc7 40. Bc3 g5 41. Nf3 gxf4+ 42. gxf4 Kg6 43. Nh4+ Kf7 44. h3 Bf1 45. Nf5 Ke6 46. Nd4+ Kd5 47. h4 Kc4 48. Ne6 Kxc3 49. Nxc7 Kb3 50. Ne8 Kxa3 51. Nxf6 Kxb4 52. Nxh7 a5 53. f5 a4 54. f6 Bc4 55. Kd2 Kxc5 56. Ng5 a3 57. Kc3 b5 58. f7 b4+ 59. Kc2 b3+ 60. Kc3 Bxf7 61. Nxf7 b2 62. Kc2 Kd5 63. Nd8 c5 64. h5 c4 65. h6 c3 66. h7 a2 67. h8=Q b1=Q+ 68. Kxc3 a1=Q+ 69. Kd2 Qxh8 70. Ne6 Qh2+ 0-1

[Event "December 5 Early 2023"]
[Site "https://www.chess.com"]
[Date "2023.12.05"]
[Round "5"]
[White "Zhigalko, Sergei"]
[Black "Bodnar, Nikolay"]
[Result "1-0"]
[Board "32"]
[TimeControl "180+1"]
[WhiteFideId "13502956"]
[BlackFideId "14106469"]
[WhiteElo "2909"]
[BlackElo "2630"]
[WhiteTeam "BLR"]
[BlackTeam "UKR"]
[WhiteClock "0:00:03"]
[BlackClock "0:00:01"]

1. e4 c5 2. Nf3 d6 3. d4 cxd4 4. Qxd4 Nf6 5. Nc3 Nc6 6. Bb5 Bd7 7. Bxc6 Bxc6 8. Bg5 e6 9. O-O-O Be7 10. Rhe1 Qc7 11. Kb1 Rb8 12. Qxa7 O-O 13. a3 Ra8 14. Qd4 b5 15. Na2 Ra4 16. Nb4 d5 17. Bxf6 Bxf6 18. Qc5 Rxb4 19. Qxb4 dxe4 20. Rxe4 Bxe4 21. Qxe4 Rc8 22. Qd3 Qc5 23. Qd2 h6 24. Rc1 Rd8 25. Qe1 g5 26. h3 Kg7 27. c3 Qc4 28. Qf1 Qb3 29. Qe2 b4 30. cxb4 Ra8 31. Qc2 Rxa3 32. Qxb3 Rxb3 33. Rc2 Rxb4 34. Kc1 e5 35. Nd2 Kg6 36. g4 Rb6 37. Ne4 Be7 38. f3 Bb4 39. Rc4 f5 40. Ng3 fxg4 41. hxg4 Bf8 42. Ne4 Be7 43. Rc7 Bd6 44. Rd7 Bb4 45. Rd5 Rc6+ 46. Kd1 Rb6 47. Rxe5 Bf8 48. Kc2 Bg7 49. Re7 Rxb2+ 50. Kd3 Rb3+ 51. Ke2 Rb2+ 52. Kf1 Bd4 53. Re6+ Kh7 54. Rd6 Be3 55. Ke1 Bf4 56. Rd7+ Kg6 57. Ra7 Rb1+ 58. Ke2 Rb2+ 59. Kf1 Rb1+ 60. Ke2 Rb2+ 61. Kd1 Rb1+ 62. Kc2 Rf1 63. Ra6+ Kg7 64. Ra7+ Kg6 65. Ra6+ Kg7 66. Ra3 Rg1 67. Rd3 Rg2+ 68. Kb3 Rg1 69. Kc4 Ra1 70. Rb3 Ra4+ 71. Kd5 Ra5+ 72. Ke6 Ra6+ 73. Kd7 Ra7+ 74. Kc6 Ra6+ 75. Kb5 Ra8 76. Rc3 Rb8+ 77. Ka6 Ra8+ 78. Kb7 Ra5 79. Rd3 Rb5+ 80. Kc6 Ra5 81. Nc5 Ra2 82. Rb3 Rc2 83. Kd5 Rd2+ 84. Ke6 Re2+ 85. Ne4 Re1 86. Kf5 Ra1 87. Rb7+ Kg8 88. Kg6 Ra6+ 89. Nf6+ Kf8 90. Rf7# 1-0